 Dungeon Crawl Stone Soup version 0.20.1-1-g8b1a95d66d (webtiles) character file.

142 NullDivider the Charlatan (level 5, -1/34 HPs)
             Began as an Octopode Artificer on Nov 22, 2017.
             Killed from afar by an orc wizard (6 damage)
             ... with a magic dart
             ... on level 3 of the Dungeon.
             The game lasted 00:11:29 (2922 turns).

NullDivider the Charlatan (Octopode Artificer)      Turns: 2922, Time: 00:11:30

Health: -1/34      AC:  1    Str: 12    XL:     5   Next: 24%
Magic:  8/8        EV: 14    Int: 13    God:
Gold:   116        SH:  0    Dex: 13    Spells: 4/4 levels left

rFire    . . .     SeeInvis .   k - +3 short sword
rCold    . . .     Gourm    .   (no shield)
rNeg     . . .     Faith    .   (helmet restricted)
rPois    .         Spirit   .   j - amulet of magic regeneration
rElec    .         Reflect  .   (no ring)
rCorr    .         Harm     .   (no ring)
MR       .....                  (no ring)
Stlth    +++.......             (no ring)
Regen    0.2/turn               (no ring)
MPRegen  0.2/turn               (no ring)
                                (no ring)
                                (no ring)

@: no status effects
A: almost no armour, stealthy swim, amphibious, 8 rings, constrict 8, camouflage
1, gelatinous body 1
a: no special abilities


You were on level 3 of the Dungeon.
You were not hungry.

You visited 1 branch of the dungeon, and saw 3 of its levels.

You collected 116 gold pieces.

Inventory:

Hand Weapons
 k - a +3 short sword (weapon)
Jewellery
 j - an amulet of magic regeneration (around mantle)
 u - an uncursed ring of magical power {unknown}
Wands
 b - a wand of flame (11/48)
 c - a wand of enslavement (15/24)
 d - a wand of random effects (15/48)
Scrolls
 a - a scroll of immolation {unknown}
 g - 2 scrolls of remove curse {unknown}
 h - a scroll of noise {unknown}
 m - a scroll of recharging {unknown}
 n - a scroll of enchant weapon {unknown}
 o - a scroll of fear {unknown}
 p - 3 scrolls of identify {unknown}
 r - 2 scrolls of teleportation {unknown}
Potions
 e - a potion of berserk rage {unknown}
 i - a potion of ambrosia {unknown}
 l - a potion of brilliance {unknown}
Comestibles
 f - a bread ration
 q - 2 fruits
 s - a meat ration
 t - 2 chunks of flesh
 v - a royal jelly


   Skills:
 + Level 2.0 Fighting
 + Level 1.7 Short Blades
 + Level 3.1 Dodging
 + Level 3.0 Stealth
 + Level 4.5 Evocations


You had 4 spell levels left.
You didn't know any spells.

Dungeon Overview and Level Annotations

Branches:
Dungeon (3/15)

Altars:
Sif Muna
Yredelemnul
Zin

Annotations:
D:3 joe12's ghost, amateur MiBe


Innate Abilities, Weirdness & Mutations

You cannot wear most types of armour.
You are very stealthy in the water. (Stealth+)
You are amphibious.
You can wear up to eight rings at the same time.
You can use your tentacles to constrict eight enemies at once.
Your skin changes colour to match your surroundings (Stealth+).
Your rubbery body absorbs attacks. (AC +1, EV +1)


Message History

Press: ? - help, Shift-Dir - straight line The puff of flame hits the gnoll.
The gnoll is severely wounded.
This wand has 12 charges left.
The gnoll hits you from afar with a halberd!
* * * LOW HITPOINT WARNING * * *
Something hits you but does no damage.
Found a stone staircase leading up.
There is a stone staircase leading up here.
Evoke which item? (* to show all) (? for menu, Esc to quit)
Aiming: Throw Flame
Press: ? - help, Shift-Dir - straight line, f - gnoll
Aim: a gnoll, wielding a halberd (severely wounded)
The puff of flame hits the gnoll.
You kill the gnoll!
This wand has 11 charges left.
You hear some strange, mumbled words.
A magic dart appears from out of thin air!
The magic dart hits you!
You die...

##### #.).# #.#.#
#g#.# #.#@# ###
#o#########....
#o###...$...###
###..............
#.......o........
#.#..##.##o##.#..
#....#..o....
####.#.......o.
####.#.......#o..


There were no monsters in sight!

Vanquished Creatures
  A gnoll (D:3)
  7 adders
  3 dart slugs
  2 leopard geckos
  2 orcs (D:3)
  7 giant cockroaches
  4 goblins
  10 hobgoblins
  2 jackals (D:3)
  A quokka (D:2)
  A ball python (D:3)
  3 bats
  9 kobolds
  9 rats
61 creatures vanquished.

Notes
Turn   | Place    | Note
-------+----------+-------------------------------------------
     0 | D:1      | NullDivider the Octopode Artificer began the quest for the Orb.
     0 | D:1      | Reached XP level 1. HP: 13/13 MP: 3/3
   111 | D:1      | Reached XP level 2. HP: 18/18 MP: 4/4
   762 | D:2      | Reached XP level 3. HP: 23/23 MP: 5/5
  1010 | D:2      | Reached skill level 4 in Evocations
  1056 | D:2      | Found a deep blue altar of Sif Muna.
  1306 | D:2      | Reached XP level 4. HP: 28/28 MP: 7/7
  2137 | D:3      | Found a basalt altar of Yredelemnul.
  2143 | D:3      | Noticed joe12's ghost (amateur MiBe)
  2505 | D:3      | Found a glowing silver altar of Zin.
  2687 | D:3      | Reached XP level 5. HP: 23/34 MP: 8/8
  2922 | D:3      | Killed from afar by an orc wizard

Skill      XL: |  1  2  3  4  5 |
---------------+----------------+-----
Stealth        | 2 3 |  3.0
Evocations     | 4 |  4.5
Dodging        | 3 |  3.1
Fighting       | 2 |  2.0
Short Blades   | |  1.7

Action                   |  1- 3 |  4- 6 || total
-------------------------+-------+-------++-------
Melee: Short sword       |    50 |    63 ||   113
       Constrict         |    14 |    16 ||    30
       Tentacles         |     9 |     5 ||    14
Evoke: Wand              |       |     4 ||     4
 Stab: Sleeping          |    17 |     4 ||    21
  Eat: Chunk             |     1 |     5 ||     6
Armor: Skin              |     1 |     6 ||     7
Dodge: Dodged            |    15 |    40 ||    55
